 Dungeon Crawl Stone Soup version 0.20-a0-1122-gb7cbeb9 (webtiles) character file.

105 MajorBinkx the Poker (level 4, 0/49 HPs)
             Began as a Merfolk Gladiator on May 14, 2017.
             Succumbed to an adder's poison
             ... on level 2 of the Dungeon.
             The game lasted 00:03:24 (2622 turns).

MajorBinkx the Poker (Merfolk Gladiator)            Turns: 2622, Time: 00:03:24

Health: 0/49       AC: 22    Str: 14    XL:     4   Next: 81%
Magic:  4/4        EV:  2    Int:  7    God:
Gold:   152        SH:  0    Dex: 16    Spells: 3/3 levels left

rFire    . . .     SeeInvis .   a - +0 trident
rCold    . . .     Gourm    .   (no shield)
rNeg     + + +     Faith    .   (armour currently unavailable)
rPois    +         Spirit   .   (helmet currently unavailable)
rElec    .         Reflect  .   (cloak currently unavailable)
rCorr    .         Harm     .   (gloves currently unavailable)
MR       .....     NoTele   +   (boots currently unavailable)
Stlth    +.........             o - amulet of magic regeneration
Regen    0.2/turn               j - ring of positive energy
MPRegen  0.2/turn               (no ring)

@: lethally poisoned (0 -> -9), tree-form
A: (change form in water), (swift swim), (stealthy swim)
a: no special abilities


You were on level 2 of the Dungeon.
You were not hungry.
You were a tree.
You visited 1 branch of the dungeon, and saw 3 of its levels.

You collected 152 gold pieces.

Inventory:

Hand Weapons
 a - a +0 trident (weapon)
 q - a +0 hunting sling
Missiles
 d - 3 throwing nets {=f !f}
 l - 147 stones (quivered)
Armour
 b - a +0 leather armour (melded)
 c - a +0 helmet (melded)
 k - a +0 buckler
Jewellery
 j - a ring of positive energy (left branch)
 o - an amulet of magic regeneration (around neck)
Wands
 t - a wand of flame (33/48)
Scrolls
 e - a scroll of random uselessness
Potions
 g - 2 potions of heal wounds {unknown}
 h - a potion of invisibility
 i - 2 potions of curing {unknown}
 m - 2 potions of lignification
 r - a potion of flight {unknown}
Comestibles
 f - 4 bread rations
 n - a fruit
 p - a royal jelly
 s - 5 chunks of flesh


   Skills:
 - Level 2.1 Fighting
 + Level 7.8 Polearms
 - Level 2.0 Throwing
 - Level 4.0 Dodging


You had 3 spell levels left.
You didn't know any spells.

Dungeon Overview and Level Annotations

Branches:
Dungeon (3/15)

Altars:


Message History

You are poisoned.
The adder poisons you!
Wield which item (- for none, * to show all)? (? for menu, Esc to quit)
a - a +0 trident (weapon)
You feel sick.
You barely miss the adder.
The adder is heavily wounded.
The adder bites you.
* * * LOW HITPOINT WARNING * * *
You are more poisoned.
The adder poisons you! The adder completely misses you.
You miss the adder.
The adder is heavily wounded.
* * * LOW HITPOINT WARNING * * *
You feel sick. The adder bites you.
* * * LOW HITPOINT WARNING * * *
You turn into a tree.
Your +0 helmet melds into your body.
Your +0 leather armour melds into your body.
Your roots penetrate the ground.
You die...

...#....##.#.###.##'###.##...)...
.#.#....##...###.##.###.###+#.#..
.#.#....##............#+###.#.#..
.#.'....'........#........#.#.#..
.#.#....##.#.###.#........#.#.#..
......####.......'........#......
.#..#.#######.##.#...............
........)......#.#########.##.###
##.....).)).....♣................
.†......######..S#.....###.#..###
###.###..........+.....# #.#..#
........######...#.....###.#.####
#................#.##............
.###.##.#.####.#.#.#####.########
.'......#.##...#)#'#####.#######
.###.####.####.#>.....##.##....#
.###...........#(.....##.##....#


You could see an adder.

Vanquished Creatures
  Jessica (D:2)
  Robin (D:2)
  An adder (D:2)
  A worm (D:2)
  A dart slug (D:1)
  A leopard gecko (D:1)
  2 orcs (D:2)
  4 bats
  4 giant cockroaches
  17 goblins
  3 hobgoblins
  3 kobolds
  A ball python (D:2)
  4 frilled lizards
  5 rats
49 creatures vanquished.

Notes
Turn   | Place    | Note
-------+----------+-------------------------------------------
     0 | D:1      | MajorBinkx the Merfolk Gladiator began the quest for the Orb.
     0 | D:1      | Reached XP level 1. HP: 16/16 MP: 1/1
   222 | D:1      | Reached skill level 5 in Polearms
   264 | D:1      | Reached XP level 2. HP: 22/22 MP: 2/2
  1113 | D:2      | Reached XP level 3. HP: 27/27 MP: 3/3
  1232 | D:2      | Reached skill level 6 in Polearms
  1857 | D:2      | Noticed Jessica
  1863 | D:2      | Killed Jessica
  1863 | D:2      | Reached skill level 7 in Polearms
  1863 | D:2      | Reached XP level 4. HP: 24/33 MP: 4/4
  1986 | D:2      | Noticed Robin
  2038 | D:2      | Killed Robin
  2621 | D:2      | HP: 1/33 [adder (3)]
  2622 | D:2      | Succumbed to an adder's poison

Vault maps used:
D:1:      dpeg_arrival_ternary
D:2:      first_bread, uniq_robin, uniq_jessica
D:3:      lemuel_crystal_altar, kennysheep_generic_room_9

Skill      XL: |  1  2  3 |
---------------+----------+-----
Polearms       | 5 7 |  7.8
Fighting       | |  2.1
Throwing       | |  2.0
Dodging        | |  4.0

Action                   |  1- 3 |  4- 6 || total
-------------------------+-------+-------++-------
Melee: Trident           |    83 |    43 ||   126
 Fire: Hunting sling     |       |    12 ||    12
Throw: Stone             |     6 |       ||     6
  Use: Scroll            |       |     5 ||     5
       Potion            |       |     1 ||     1
 Stab: Sleeping          |     1 |       ||     1
       Distracted        |       |     1 ||     1
  Eat: Chunk             |     3 |     2 ||     5
Armor: Leather armour    |    16 |     2 ||    18
Dodge: Dodged            |    48 |    23 ||    71
